Map: Ever Dream LE

Players

SortOf - Winner!

  • Race: Zerg Zerg
  • League: Grandmaster
  • Spawn Location: 7:00

goblin

  • Race: Protoss Protoss
  • League: Master
  • Spawn Location: 1:00

Event: DreamHack SC2 Masters 2020 Summer Europe

VOD

Have the link to the VOD?

Description

Time

  • Played on: July 1, 2020, 11:48 a.m.
  • Length: 7:06

All games in this series

Show
View Real Time Build Order
Export as new Build Order

SortOf Zerg - Winner!

Build Orders: Hatch First 

Get SALT Encoding   

  12  0:00  Drone  
  13  0:13  Overlord  
  13  0:17  Drone  
  14  0:31  Drone x2  
  16  0:47  Hatchery  
  15  0:51  Drone  
  15  0:55  Drone  
  17  0:58  Drone  
  18  1:09  Extractor  
  17  1:13  Spawning Pool  
  17  1:16  Drone  
  17  1:19  Drone  
  18  1:28  Drone  
  19  1:39  Drone  
  20  1:46  Hatchery  
  19  1:50  Drone  
  20  2:01  Queen  
  20  2:02  Zergling x2  
  20  2:06  Drone  
  24  2:11  Drone x2  
  26  2:24  Metabolic Boost  
  26  2:25  Drone x2  
  28  2:34  Roach Warren  
  27  2:40  Overlord  
  27  2:42  Drone  
  28  2:48  Overlord  
  28  2:59  Zergling x2  
  28  3:00  Zergling x2  
  30  3:15  Roach x5  
  30  3:18  Roach  
  42  3:20  Overlord  
  42  3:24  Zergling x6  
  42  3:26  Zergling x2  
  46  3:31  Spore Crawler  
  46  3:32  Zergling x2  
  46  3:33  Zergling x2  
  47  3:36  Zergling x2  
  48  3:41  Overlord  
  48  3:46  Ravager  
  51  3:48  Zergling x4  
  51  3:54  Zergling x6  
  54  3:58  Zergling x4  
  54  4:02  Zergling x2  
  57  4:06  Zergling x4  
  59  4:12  Zergling x2  
  59  4:13  Ravager  
  61  4:18  Zergling x4  
  61  4:20  Spore Crawler  
  61  4:29  Zergling x8  
  65  4:32  Zergling x2  
  63  4:44  Zergling x8  
  65  4:49  Zergling x4  
  65  4:52  Zergling x2  
  64  4:57  Zergling x4  
  58  5:07  Zergling x6  
Show
View Real Time Build Order
Export as new Build Order

goblin Protoss 

Build Orders: 1 Gate Expand, Blink Stalkers 

Get SALT Encoding   

  12  0:00  Probe  
  13  0:13  Probe  
  14  0:18  Pylon  
  14  0:24  Probe  
  15  0:32  Probe  
  15  0:37  Gateway  
  15  0:40  Probe  
  16  0:45  Assimilator  
  17  0:51  Probe  
  18  1:03  Probe  
  19  1:19  Nexus  
  19  1:23  Probe  
  20  1:33  Cybernetics Core  
  20  1:36  Probe  
  21  1:41  Assimilator  
  21  1:48  Probe  
  21  1:52  Pylon  
  22  1:57  Probe  
  22  2:00  Stalker  
  23  2:06  Probe  
  26  2:17  Probe  
  26  2:18  Twilight Council  
  27  2:28  Warp Gate, Probe  
  27  2:29  Probe  
  28  2:36  Probe  
  29  2:37  Adept  
  29  2:41  Probe  
  33  2:46  Probe  
  34  2:53  Probe  
  34  2:56  Blink  
  36  2:58  Probe  
  36  3:07  Gateway, Probe  
  36  3:08  Probe  
  38  3:14  Robotics Facility  
  38  3:16  Probe  
  38  3:19  Probe  
  39  3:21  Assimilator  
  39  3:24  Probe  
  40  3:31  Probe  
  42  3:35  Gateway  
  42  3:46  Gateway  
  42  3:47  Gateway  
  42  3:48  Probe  
  43  3:49  Gateway, Probe  
  43  3:51  Warp Prism  
  43  3:55  Pylon  
  46  4:08  Pylon  
  46  4:13  Probe  
  46  4:17  Stalker x2  
  49  4:20  Pylon  
  49  4:27  Observer  
  50  4:32  Stalker  
  51  4:42  Stalker x2  
  42  4:49  Stalker  
  30  4:58  Stalker  
Tags
 
Add a new tag
Caveats
  • Supply blocks, unpowered buildings, or Contaminate may cause inaccurate times.
  • Supply counts are checked every 10 seconds.